 Dungeon Crawl Stone Soup version 0.31-a0-1300-gb6740aa4e6 (webtiles) character file.

Game seed: 3661248382631558662

12987 Maratek the Fighter (level 11, -1/89 HPs)
             Began as a Demonspawn Fighter on Dec 18, 2023.
             Was a High Priest of Dithmenos.
             Slain by a tengu warrior
             ... wielding a +2 great sword of protection
              (19 damage)
             ... on level 10 of the Dungeon.
             The game lasted 00:13:20 (10121 turns).

Maratek the Fighter (Demonspawn Fighter)           Turns: 10121, Time: 00:13:20

Health: -1/89      AC: 30    Str: 22    XL:     11   Next: 69%
Magic:  11/11      EV:  9    Int: 11    God:    Dithmenos [*****.]
Gold:   650        SH: 10    Dex: 12    Spells: 10/10 levels left

rFire   x . .        e - +2 spear of the New World {heavy, +Blink Str+3}
rCold   + + .        w - +0 buckler
rNeg    . . .        f - +1 ice dragon scales
rPois   .            a - +0 hat
rElec   .            k - +1 cloak
rCorr   .            (no gloves)
SInv    +            A - +2 pair of boots
Will    .....        (no amulet)
Stlth   +++          q - +4 ring of protection
HPRegen 0.34/turn    r - ring of see invisible
MPRegen 0.12/turn

%: no passive effects
@: mighty, wreathed by umbra
A: horns 2, molten scales 2, icemail 1, condensation shield, demonic magic 1
a: Renounce Religion, Evoke Blink, Shadow Step, Shadow Form


You were on level 10 of the Dungeon.
You worshipped Dithmenos.
Dithmenos was extremely pleased with you.
You visited 1 branch of the dungeon, and saw 10 of its levels.

You collected 650 gold pieces.

Inventory:

Hand Weapons
 e - the +2 spear of the New World (weapon) {heavy, +Blink Str+3}
   (You found it on level 2 of the Dungeon)

   Str+3:     It affects your strength (+3).
   +Blink:    It lets you blink.
 s - the +5 mace of the Shifting Gods {elec, rN++ Str+5 Int-4}
   (You found it on level 6 of the Dungeon)

   Str+5:     It affects your strength (+5).
   Int-4:     It affects your intelligence (-4).
   rN++:      It greatly protects you from negative energy.
 t - the +8 flail "Zejurch" {pain, rElec rC+ Dex-2}
   (You found it on level 6 of the Dungeon)

   Dex-2:     It affects your dexterity (-2).
   rC+:       It protects you from cold.
   rElec:     It insulates you from electricity.
 F - a +5 spear of freezing
Armour
 a - a +0 hat (worn)
 f - +1 ice dragon scales (worn)
 k - a +1 cloak (worn)
 w - a +0 buckler (worn)
 A - a +2 pair of boots (worn)
Jewellery
 g - a ring of protection from cold
 q - a +4 ring of protection (left hand)
 r - a ring of see invisible (right hand)
 u - a ring of flight
Wands
 p - a wand of acid (5)
 v - a wand of paralysis (21)
 y - a wand of mindburst (8)
 z - a wand of digging (3)
 D - a wand of flame (4)
Scrolls
 h - 5 scrolls of teleportation
 B - a scroll of poison
 C - a scroll of enchant weapon {unknown}
 E - a scroll of torment
 G - a scroll of fog {unknown}
Potions
 b - a potion of ambrosia
 c - a potion of degeneration
 d - a potion of might
 i - 3 potions of attraction {unknown}
 j - 7 potions of curing {unknown}
 l - 4 potions of brilliance {unknown}
 m - a potion of heal wounds {unknown}
 n - 3 potions of enlightenment {unknown}
 o - a potion of haste {unknown}
 x - 2 potions of cancellation {unknown}


   Skills:
 * Level 9.2 Fighting
 * Level 8.1 Polearms
 * Level 8.4 Armour
 * Level 8.0 Stealth
 * Level 8.4 Shields


You had 10 spell levels left.
You didn't know any spells.
Your spell library contained the following spells:

 Spells                   Type           Power      Damage    Failure   Level
 Apportation              Tloc           0%         N/A       75%         1
 Freeze                   Ice            0%         1d3       75%         1
 Summon Small Mammal      Summ           0%         N/A       75%         1
 Blink                    Tloc           0%         N/A       86%         2
 Jinxbite                 Hex            0%         N/A       86%         2
 Call Canine Familiar     Summ           0%         N/A       98%         3
 Frozen Ramparts          Ice            0%         1d1       98%         3
 Hailstorm                Conj/Ice       0%         3d5       98%         3
 Summon Guardian Golem    Hex/Summ       0%         N/A       98%         3
 Animate Armour           Summ/Erth      0%         N/A       100%        4
 Manifold Assault         Tloc           0%         N/A       100%        4
 Summon Lightning Spire   Summ/Air       0%         N/A       100%        4
 Alistair's Intoxication  Tmut/Pois      0%         N/A       100%        5
 Lee's Rapid Deconstruct  Erth           0%         3d4*      100%        5


Dungeon Overview and Level Annotations

Branches:
Dungeon (10/15)            Temple (0/1) D:5            Lair (0/5) D:9
    Orc: D:9-12

Altars:
Dithmenos
Okawaru
Qazlal
Uskayaw
Xom

Shops:
D:4 :   D:5 (   D:9 !

Annotations:
D:2 Natasha
D:10 4 runed translucent doors


Innate Abilities, Weirdness & Mutations

You have a pair of horns on your head.
You are mostly covered in molten scales. (AC +3)
A meltable icy envelope protects you from harm. (AC +4)
A meltable shield of frost defends you. (SH +4)
Spells you cast may paralyse adjacent enemies.


Message History

* * * LOW HITPOINT WARNING * * *
The tengu warrior barely misses you.
The tengu warrior claws you but does no damage.
You bump into the stone wall.
You feel less invigorated.
You feel less confused.
The tengu warrior hits you with a +2 great sword of protection.
* * * LOW HITPOINT WARNING * * *
You block the tengu warrior's attack.
The tengu warrior claws you but does no damage.
The tengu warrior hits you with a +2 great sword of protection.
* * * LOW HITPOINT WARNING * * *
The tengu warrior pecks you but does no damage.
You block the tengu warrior's attack.
You see here a +0 orcbow.
You impale the tengu warrior!!
The tengu warrior is severely wounded.
The howler monkey hoots and howls with incredible vigour!
You block the tengu warrior's attack. x2
The tengu warrior claws you but does no damage.
You miss the tengu warrior.
The tengu warrior is severely wounded.
You block the tengu warrior's attack. The tengu warrior misses you.
You block the tengu warrior's attack.
You barely miss the tengu warrior.
The tengu warrior is severely wounded.
The tengu warrior completely misses you.
You block the tengu warrior's attack.
The tengu warrior claws you but does no damage.
You puncture the tengu warrior!
The tengu warrior is almost dead.
The tengu warrior hits you but does no damage.
You block the tengu warrior's attack. x2
You puncture the tengu warrior! Your headbutt misses the tengu warrior.
The tengu warrior is almost dead.
You block the tengu warrior's attack. x2
The tengu warrior claws you but does no damage.
You closely miss the tengu warrior.
The tengu warrior is almost dead.
The tengu warrior hits you with a +2 great sword of protection!!
You die...

...'.####.#..######..######......
...### #...## ####....##.....
#### ###.# #)##)#.#.#### .# #.#
###..#.#...# )### #.# ##
#..###.#.#.# ...# #.#Y#.##
#|##.#.#.#.## ##.# #^##..h#
###.#.##....# #.# #..###Q#
#'###..##.. ##'###
##..).@######.....##### .....#
##.#.##8}(8##.........
.....########.#.#8...)8#.........
.....'..........+y.....+.........
.....########...+p.....+.........
###'## ##..#8....8#......... #.#
##.##8$|8##.##'##### #.#
#..######..##..# ##.#
#######+........####.#


You could see a tengu warrior and a howler monkey.

Vanquished Creatures
  7 two-headed ogres
  Pikel (D:5)
  A deep elf pyromancer (D:10)
  An elephant (D:9)
  A gargoyle (D:10)
  2 komodo dragons
  A troll (D:9)
  A shadow (D:10)
  Sigmund (D:5)
  A wyvern (D:9)
  2 steam dragons
  Grum (D:10)
  6 yaks
  4 vampire mosquitoes (D:7)
  2 acid dragons (D:10)
  4 water moccasins
  2 orc warriors
  2 ice beasts
  4 black bears
  2 wolves (D:10)
  2 phantoms
  3 centaurs
  A lemure (D:5)
  Blork the orc (D:5)
  2 kobold brigands (D:9)
  A gnoll sergeant (D:7)
  5 bullfrogs
  5 scorpions
  4 wights (D:10)
  9 killer bees
  4 howler monkeys (D:7)
  2 gnoll boudas
  2 jellies
  4 orc priests
  2 hounds
  4 sleepcaps
  Crazy Yiuf (D:2)
  Jessica (D:2)
  Ijyb (D:4)
  An iguana (D:3)
  Natasha (twice) (D:2)
  An orc wizard (D:10)
  14 gnolls
  9 adders
  2 shadow imps
  4 white imps
  A worm (D:2)
  5 dart slugs
  15 orcs
  8 endoplasms
  3 giant cockroaches
  3 goblins
  8 hobgoblins
  4 jackals (D:3)
  5 quokkas
  8 ball pythons
  A bat (D:2)
  A frilled lizard (D:3)
  12 kobolds
  9 rats
216 creatures vanquished.

Notes
Turn   | Place    | Note
-------+----------+-------------------------------------------
     0 | D:1      | Maratek the Demonspawn Fighter began the quest for the Orb.
     0 | D:1      | Reached XP level 1. HP: 18/18 MP: 1/1
   163 | D:1      | Gained mutation: You are partially covered in molten
                  | scales. (AC +2) [demonic ancestry]
   163 | D:1      | Reached XP level 2. HP: 24/24 MP: 2/2
   858 | D:2      | Gained mutation: Spells you cast may paralyse adjacent
                  | enemies. [demonic ancestry]
   858 | D:2      | Reached XP level 3. HP: 28/29 MP: 3/3
   972 | D:2      | Identified the +2 spear of the New World {heavy, +Blink
                  | Str+3}
  1024 | D:2      | Noticed Jessica
  1034 | D:2      | Killed Jessica
  1122 | D:2      | Gained mutation: You have a pair of small horns on your
                  | head. [demonic ancestry]
  1122 | D:2      | Reached XP level 4. HP: 35/35 MP: 4/4
  1174 | D:2      | Noticed Natasha
  1187 | D:2      | Killed Natasha
  1284 | D:2      | Noticed Natasha
  1304 | D:2      | Killed Natasha
  1412 | D:2      | Found a faded altar of an unknown god.
  1416 | D:2      | Noticed Natasha
  1423 | D:2      | Prayed at the altar of an unknown god.
  1423 | D:2      | Became a worshipper of Dithmenos the Shadowed
  1423 | D:2      | Reached * piety under Dithmenos
  1560 | D:2      | Found a runed translucent door.
  1561 | D:2      | Noticed Crazy Yiuf
  1569 | D:2      | Killed Crazy Yiuf
  1570 | D:2      | Gained mutation: You have a pair of horns on your head.
                  | [demonic ancestry]
  1570 | D:2      | Reached XP level 5. HP: 42/42 MP: 5/5
  2118 | D:3      | Reached skill level 4 in Fighting
  2408 | D:3      | Found a stormy altar of Qazlal.
  2731 | D:3      | Reached ** piety under Dithmenos
  3201 | D:4      | Reached XP level 6. HP: 48/48 MP: 6/6
  3210 | D:4      | Found Xeje's Book Shop.
  3591 | D:4      | Found a shimmering altar of Xom.
  3591 | D:4      | Found a shimmering altar of Xom.
  3594 | D:4      | Found a shimmering altar of Xom.
  3594 | D:4      | Found a shimmering altar of Xom.
  3595 | D:4      | Found a shimmering altar of Xom.
  3595 | D:4      | Noticed an ice beast
  3596 | D:4      | Found a shimmering altar of Xom.
  3673 | D:4      | Reached skill level 1 in Stealth
  3827 | D:4      | Noticed Ijyb
  3835 | D:4      | Killed Ijyb
  3878 | D:4      | Reached XP level 7. HP: 15/55 MP: 7/7
  4379 | D:5      | Entered Level 5 of the Dungeon
  4432 | D:5      | Noticed Sigmund
  4449 | D:5      | Killed Sigmund
  4450 | D:5      | Reached skill level 5 in Fighting
  4481 | D:5      | Noticed Blork the orc
  4497 | D:5      | Killed Blork the orc
  4498 | D:5      | Gained mutation: A meltable shield of frost defends you.
                  | (SH +4) [demonic ancestry]
  4498 | D:5      | Reached XP level 8. HP: 14/62 MP: 8/8
  4680 | D:5      | Found Hidaxid's Antique Weapon Emporium.
  4738 | D:5      | Noticed Pikel
  4739 | D:5      | Found a staircase to the Ecumenical Temple.
  4766 | D:5      | Killed Pikel
  4767 | D:5      | Reached skill level 5 in Armour
  4767 | D:5      | Reached skill level 5 in Shields
  5029 | D:5      | Found a hide-covered altar of Uskayaw.
  5111 | D:5      | Found an iron altar of Okawaru.
  5504 | D:6      | Reached skill level 5 in Polearms
  5532 | D:6      | Reached skill level 6 in Fighting
  5559 | D:6      | Identified the +5 mace of the Shifting Gods {elec, rN++
                  | Str+5 Int-4}
  5574 | D:6      | Gained mutation: A meltable icy envelope protects you from
                  | harm. (AC +4) [demonic ancestry]
  5574 | D:6      | Reached XP level 9. HP: 59/69 MP: 9/9
  5810 | D:6      | Identified the +8 flail "Zejurch" {pain, rElec rC+ Dex-2}
  6492 | D:7      | Reached *** piety under Dithmenos
  6877 | D:7      | Reached skill level 5 in Stealth
  7044 | D:7      | Noticed a two-headed ogre
  7053 | D:7      | Killed a two-headed ogre
  7054 | D:7      | Reached skill level 7 in Fighting
  7254 | D:7      | Noticed a two-headed ogre
  7262 | D:7      | Killed a two-headed ogre
  7263 | D:7      | Reached XP level 10. HP: 60/79 MP: 10/10
  7784 | D:8      | Noticed a two-headed ogre
  7794 | D:8      | Killed a two-headed ogre
  8103 | D:8      | Noticed a two-headed ogre
  8115 | D:8      | Killed a two-headed ogre
  8116 | D:8      | Reached skill level 8 in Fighting
  8279 | D:9      | Noticed a two-headed ogre
  8298 | D:9      | Killed a two-headed ogre
  8314 | D:9      | Reached **** piety under Dithmenos
  8414 | D:9      | Found Heirhykyff's Distillery.
  8415 | D:9      | Noticed a two-headed ogre
  8422 | D:9      | Killed a two-headed ogre
  8423 | D:9      | Gained mutation: You are mostly covered in molten scales.
                  | (AC +3) [demonic ancestry]
  8423 | D:9      | Reached XP level 11. HP: 61/87 MP: 11/11
  8856 | D:9      | Found a staircase to the Lair.
  9215 | D:10     | Entered Level 10 of the Dungeon
  9215 | D:10     | Noticed a two-headed ogre
  9229 | D:10     | Killed a two-headed ogre
  9297 | D:10     | Found a large runed translucent door.
  9297 | D:10     | Found a large runed translucent door.
  9299 | D:10     | Noticed an occultist
  9308 | D:10     | Found a large runed translucent door.
  9308 | D:10     | Found a large runed translucent door.
  9564 | D:10     | Noticed Grum
  9587 | D:10     | Killed Grum
  9779 | D:10     | Reached skill level 9 in Fighting
  9904 | D:10     | Noticed a deep elf pyromancer
  9920 | D:10     | Killed a deep elf pyromancer
 10084 | D:10     | HP: 1/89 [gargoyle/stone arrow (14)]
 10093 | D:10     | Reached ***** piety under Dithmenos
 10107 | D:10     | Noticed a tengu warrior
 10121 | D:10     | Slain by a tengu warrior

Illustrated notes

Levels and vault maps discovered:
D:1:      doesnt_arrival_eight_statues, layout_basic
D:2:      layout_basic, shapermc_ecumenical_altar_mp_vishouse, uniq_jessica,
          uniq_natasha, uniq_crazy_yiuf_cottage
D:3:      layout_rooms, nicolae_qazlal_general_emergency,
          serial_co_window_serial, co_window_paths_a, co_window_paths_a,
          co_window_paths_b, co_window_paths_a, co_window_paths_a,
          co_window_corner_a, co_window_2corner, co_window_of_opportunity_b,
          co_window_broadway_c, co_window_broadway_c, co_window_corner_cb,
          glass_columns_a, nicolae_figureground_sparkle
D:4:      layout_loops_corners, zin_scriptorium, xom_redecorated, serial_shops,
          nicolae_shop_statue_plus, hellmonk_no_cap, uniq_ijyb
D:5:      layout_rooms, mainiacjoe_overflow_24_doors, kennysheep_little_box,
          minmay_temple_entry_glassed_door, serial_library_hellmonk_semicircle,
          nicolae_wooded_promenade, minmay_strange_pillars,
          corexii_item_surrounded_by_moat, nrook_mini_backslash, nrook_campfire,
          uniq_pikel, uniq_blork_the_orc, uniq_sigmund
D:6:      layout_layer_cave
D:7:      layout_loops_cross
D:8:      layout_basic
D:9:      layout_roguey, tso_altar, grunt_lair_entry_orc_guard_hut,
          serial_shops, nicolae_shop_advertising_works
          [nicolae_subvault_shop_adworks], hangedman_decor_riveting
D:10:     layout_roguey, nemelex_altar_shiori, minmay_hollow_rounded_squares,
          uniq_grum, uniq_gastronok

Skill      XL: |  1  2  3  4  5  6  7  8  9 10 11 |
---------------+----------------------------------+-----
Polearms       | 2 3 4 5 6 7 8 |  8.1
Armour         | 3 4 5 6 7 8 |  8.4
Shields        | 3 4 5 6 7 8 |  8.4
Fighting       | 4 5 6 7 8 9 |  9.2
Stealth        | 1 2 4 5 7 8 |  8.0

Action                     |  1- 3 |  4- 6 |  7- 9 | 10-12 || total
---------------------------+-------+-------+-------+-------++-------
  Melee: Trident           |   109 |    43 |       |       ||   152
         Headbutt          |       |    33 |    35 |    78 ||   146
         Spear             |       |   122 |   294 |   381 ||   797
         Quarterstaff      |       |     6 |       |       ||     6
         Punch             |       |     4 |     3 |       ||     7
    Use: Scroll            |       |     8 |     1 |     3 ||    12
         Potion            |       |       |     1 |     4 ||     5
   Stab: Distracted        |       |       |     1 |       ||     1
         Sleeping          |       |       |     1 |    10 ||    11
 Armour: Scale mail        |    61 |    78 |       |       ||   139
         Ice dragon scales |       |    48 |   291 |   293 ||   632
  Dodge: Dodged            |    34 |    91 |   152 |   170 ||   447
  Block: Buckler           |    17 |    11 |    39 |   186 ||   253
         Other             |       |       |    26 |       ||    26

Table legend: (Time is in decaauts)
 A = Elapsed time spent in this place.
 B = Non-inter-level travel time spent in this place.
 C = Inter-level travel time spent in this place.
 D = Time resting spent in this place.
 E = Time spent auto-exploring this place.
 F = Levels seen in this place.
 G = Mean time per level.
                   A        B        C        D        E       F      G
               +--------+--------+--------+--------+--------+-----+--------+
         Total |  10345 |   9904 |    441 |    585 |   7473 |  10 | 1034.5 |
       Dungeon |  10345 |   9904 |    441 |    585 |   7473 |  10 | 1034.5 |
               +--------+--------+--------+--------+--------+-----+--------+

Top non-repeatable levels by time:
     D:2: 1380 daAuts
     D:4: 1229 daAuts
     D:5: 1136 daAuts
     D:3: 1113 daAuts
     D:7: 1093 daAuts
     D:9: 1056 daAuts
     D:6: 971 daAuts
    D:10: 917 daAuts
     D:1: 754 daAuts
     D:8: 691 daAuts
